AoeStats
← Chrisaefer

Black Forest

503444914Analyzed
2v2 RM · 1mo ago on Aug 31, 2026· 80m 34s· 4 players
Game mode
Random Map
Map size
Medium (4 player)
Population
200
Speed
Normal
Resources
Standard
Victory
Conquest
Starting age
Dark Age
Ending age
Imperial Age
RankedLock teamsTeams togetherTeam positionsShared explorationLock speedFull tech treeHidden civsTurbo modeCheats
Victory
Defeat
🇨🇦 Franks · Canada
631
+21
🇫🇷 Romans · France
625
+22
🇩🇪 Teutons · Germany
907
-27
🇩🇪 Italians · Germany
604
-18
Kakibmb
0:44 Loom
14:19 Feudal Age
16:49 Wheelbarrow
16:07 Double-Bit Axe
16:16 Stone Mining
16:20 Gold Mining
23:00 Castle Age
24:47 Hand Cart
24:46 Bow Saw
25:15 Gold Shaft Mining
28:45 Fortified Wall
28:45 Masonry
33:25 Imperial Age
32:18 Caravan
34:53 Conscription
35:36 Forging
35:31 Scale Barding Armor
35:27 Scale Mail Armor
36:31 Chemistry
35:51 Ballistics
36:02 Squires
35:48 Gambesons
35:48 Arson
35:26 Pikeman
35:27 Man-at-Arms
40:17 Iron Casting
40:02 Chain Barding Armor
39:58 Chain Mail Armor
39:33 Fletching
39:49 Chivalry
39:12 Halberdier
39:16 Long Swordsman
40:03 Husbandry
39:24 Cavalier
40:17 Two-Handed Swordsman
43:58 Siege Engineers
44:24 Architecture
44:58 Blast Furnace
44:33 Plate Barding Armor
44:29 Plate Mail Armor
43:55 Bodkin Arrow
43:24 Champion
43:37 Paladin
44:30 Town Watch
46:42 Town Patrol
49:57 Hoardings
63:42 Champion
Zakuuuus
0:31 Loom
15:17 Feudal Age
17:25 Wheelbarrow
16:42 Double-Bit Axe
16:41 Horse Collar
19:31 Stone Mining
23:24 Gold Mining
28:37 Castle Age
30:01 Bow Saw
31:26 Hand Cart
37:15 Imperial Age
37:36 Town Watch
38:45 Caravan
39:44 Heavy Plow
42:41 Town Patrol
43:32 Crop Rotation
43:14 Fortified Wall
43:37 Conscription
42:48 Man-at-Arms
42:49 Pikeman
43:29 Squires
44:25 Forging
44:21 Scale Barding Armor
44:17 Scale Mail Armor
43:44 Heavy Scorpion
44:48 Long Swordsman
44:49 Halberdier
48:39 Iron Casting
48:20 Chain Mail Armor
48:26 Chain Barding Armor
48:14 Ballistas
48:30 Comitatenses
47:31 Elite Centurion
47:36 Legionary
50:53 Blast Furnace
50:42 Gold Shaft Mining
52:04 Capped Ram
53:31 Plate Barding Armor
58:26 Siege Ram
Chrisaefer
1:46 Loom
11:54 Feudal Age
12:31 Double-Bit Axe
13:26 Wheelbarrow
12:36 Horse Collar
15:14 Gold Mining
19:57 Stone Mining
23:36 Castle Age
22:11 Forging
22:02 Scale Mail Armor
25:01 Bow Saw
25:35 Stone Shaft Mining
26:39 Heavy Plow
27:53 Hand Cart
30:13 Iron Casting
29:54 Chain Mail Armor
32:32 Imperial Age
31:23 Caravan
34:25 Two-Man Saw
37:02 Blast Furnace
36:27 Conscription
37:11 Crop Rotation
38:10 Ironclad
40:24 Chemistry
40:18 Pikeman
41:00 Squires
41:38 Elite Teutonic Knight
44:04 Plate Mail Armor
44:57 Halberdier
46:01 Crenellations
45:20 Heavy Scorpion
45:32 Man-at-Arms
45:57 Gambesons
45:59 Arson
47:01 Long Swordsman
48:20 Hoardings
47:54 Two-Handed Swordsman
51:50 Champion
Solo-Talent
4:39 Loom
12:14 Feudal Age
12:49 Horse Collar
13:00 Double-Bit Axe
22:19 Castle Age
23:07 Fletching
23:30 Thumb Ring
25:33 Bow Saw
27:49 Wheelbarrow
26:44 Crossbowman
28:00 Heavy Plow
28:28 Squires
27:50 Pikeman
30:18 Stone Mining
31:25 Arson
32:43 Ballistics
37:30 Imperial Age
35:11 Treadmill Crane
35:48 Forging
35:40 Scale Mail Armor
37:30 Iron Casting
38:47 Hand Cart
39:23 Town Watch
41:07 Chemistry
41:23 Crop Rotation
41:33 Conscription
40:38 Arbalester
42:12 Bodkin Arrow
44:33 Gold Mining
45:18 Murder Holes
45:32 Onager
49:38 Two-Man Saw
49:58 Silk Road
51:21 Blast Furnace
50:22 Bracer
50:25 Padded Archer Armor
54:35 Husbandry
54:47 Bloodlines
53:58 Cavalier
55:54 Chain Mail Armor
55:45 Scale Barding Armor
55:59 Chain Mail Armor
56:32 Stone Shaft Mining
60:58 Plate Mail Armor
67:16 Chain Barding Armor
Connection lost

Rejoining the realm…

Still unreachable

The connection could not be restored.

Session expired

The server has moved on; the page needs a fresh start.